 Dungeon Crawl Stone Soup version 0.22-a0-445-g8c8ef71062 (webtiles) character file.

582 Ordine the Insei (level 7, 32/52 HPs)
             Began as a Red Draconian Transmuter on June 2, 2018.
             Quit the game on level 5 of the Dungeon.
             The game lasted 00:11:14 (4540 turns).

Ordine the Insei (Red Draconian Transmuter)         Turns: 4540, Time: 00:11:14

Health: 32/52      AC: 10    Str: 12    XL:     7   Next: 14%
Magic:  9/11       EV: 12    Int: 15    God:
Gold:   28         SH:  0    Dex: 12    Spells: 4/11 levels left

rFire    + . .     SeeInvis .     - Unarmed
rCold    . . .     Gourm    .   (no shield)
rNeg     . . .     Faith    .   (armour unavailable)
rPois    .         Spirit   .   (helmet restricted)
rElec    .         Reflect  .   r - +0 cloak
rCorr    .         Harm     .   (no gloves)
MR       .....                  (no boots)
Stlth    +.........             (no amulet)
HPRegen  0.17/turn              l - +3 ring of protection
MPRegen  0.12/turn              (no ring)

@: no status effects
A: breathe fire, unfitting armour, fire resistance 1, cold-blooded, AC +6
a: Breathe Fire


You were on level 5 of the Dungeon.
You were not hungry.

You visited 1 branch of the dungeon, and saw 5 of its levels.

You collected 196 gold pieces.
You spent 168 gold pieces at shops.

Inventory:

Missiles
 a - 31 arrows
Armour
 r - a +0 cloak (worn)
Magical Staves
 j - an uncursed staff of energy
Jewellery
 l - a +3 ring of protection (left hand)
Wands
 b - a wand of flame (27)
Scrolls
 d - 4 scrolls of teleportation
 i - a scroll of magic mapping
 m - 2 scrolls of amnesia
 n - a scroll of fog
 p - a scroll of identify
Potions
 e - 2 potions of brilliance
 f - 2 potions of heal wounds
 g - 3 potions of might
 h - a potion of berserk rage
 k - 3 potions of resistance
 o - a potion of invisibility
 s - a potion of lignification {unknown}
Comestibles
 c - 9 rations
 q - a chunk of flesh


   Skills:
 - Level 1.1 Fighting
 - Level 1.7 Dodging
 + Level 6.3 Unarmed Combat
 + Level 2.8 Spellcasting
 + Level 5.0 Transmutations


You had 4 spell levels left.
You knew the following spells:

 Your Spells              Type           Power        Failure   Level  Hunger
a - Spider Form           Tmut/Pois      #.........   22%         3    ###....
b - Ice Form              Ice/Tmut       #.......     58%         4    #####..

Your spell library contained the following spells:

 Spells                   Type           Power        Failure   Level  Hunger
 Blade Hands              Tmut           ###.......   56%         5    ######.
 Sticks to Snakes         Tmut           ###.....     3%          2    ##.....
 Beastly Appendage        Tmut           ###...       2%          1    #......


Dungeon Overview and Level Annotations

Branches:
Dungeon (5/15)
 Temple: D:4-7

Altars:
Trog

Shops:
D:4 *   D:5 [[:[


Innate Abilities, Weirdness & Mutations

You can breathe blasts of fire.
Your fiery red scales are hard. (AC +6)
You cannot fit into any form of body armour.
Your flesh is heat resistant. (rF+)
You are cold-blooded and may be slowed by cold attacks.


Message History

You hit the orc but do no damage.
The orc is moderately wounded.
The orc closely misses you.
You hit the orc.
Your tail-slap misses the orc.
The orc is almost dead.
You closely miss the orc.
The orc is almost dead.
The orc drinks a potion.
The orc is healed!
You hit the orc but do no damage. The orc misses you.
You barely miss the orc. The orc hits you but does no damage.
You hit the orc.
The orc is severely wounded.
You hit the orc.
You kill the orc!
Things that are here:
a mace; a scale mail; an orc corpse
s - a viscous pink potion
Things that are here:
a flail of crushing; a dyed leather armour Are you sure you want to abandon this character and quit the game? (Confirm with "yes".)

#.#.####..........
#...........####..
#.#.####....##...#
#.#...............
#.##...####...###.
#.####.#......# #.
#.# #...#....# #.
##)## ##..#....###.
#.@.# ...##.#......
#.#.#............##
#.#.#####....#.#'##
#.#.# #......'∩).
#.#.## #....<.#'#.
#.#..# .#.#......
..##.# # ####... ..
#.# #... ... .....


There were no monsters in sight!

Vanquished Creatures
  Sigmund (D:5)
  Edmund (D:5)
  A black bear (D:5)
  A crimson imp (D:4)
  A worker ant (D:5)
  A howler monkey skeleton (D:4)
  4 adders
  A shadow imp (D:5)
  2 oozes
  3 worms
  An adder skeleton (D:2)
  An adder zombie (D:5)
  2 dart slugs
  A leopard gecko (D:2)
  9 orcs
  2 ball pythons
  4 giant cockroaches
  4 goblins
  5 hobgoblins
  3 jackals (D:4)
  12 kobolds
  2 quokkas
  13 bats
  3 frilled lizards
  A leopard gecko skeleton (D:4)
  2 quokka skeletons (D:4)
  4 rats
85 creatures vanquished.

Notes
Turn   | Place    | Note
-------+----------+-------------------------------------------
     0 | D:1      | Ordine the Draconian Transmuter began the quest for the Orb.
     0 | D:1      | Reached XP level 1. HP: 16/16 MP: 3/3
   382 | D:1      | Reached XP level 2. HP: 20/23 MP: 5/5
   768 | D:1      | Reached skill level 4 in Unarmed Combat
   987 | D:2      | Reached XP level 3. HP: 22/28 MP: 4/6
  1038 | D:2      | Learned a level 3 spell: Spider Form
  1561 | D:2      | Reached XP level 4. HP: 35/35 MP: 7/7
  2052 | D:3      | Found a bloodstained altar of Trog.
  3101 | D:4      | Found Dicasaga's General Store.
  3119 | D:4      | Bought a potion of brilliance for 40 gold pieces
  3119 | D:4      | Bought 2 scrolls of identify for 40 gold pieces
  3119 | D:4      | Bought a scroll of fog for 20 gold pieces
  3193 | D:4      | Reached skill level 5 in Unarmed Combat
  3193 | D:4      | Reached XP level 5. HP: 35/40 MP: 8/8
  3301 | D:4      | Bought a scroll of noise for 10 gold pieces
  3712 | D:5      | Entered Level 5 of the Dungeon
  3717 | D:5      | Noticed Sigmund
  4193 | D:5      | Killed Sigmund
  4193 | D:5      | Reached XP level 6. HP: 37/47 MP: 3/9
  4275 | D:5      | Found Kutunoit's Book Shoppe.
  4315 | D:5      | Learned a level 4 spell: Ice Form
  4374 | D:5      | Found Yzuriud's Antique Armour Emporium.
  4431 | D:5      | Found Susei's Armour Shoppe.
  4437 | D:5      | Reached skill level 6 in Unarmed Combat
  4445 | D:5      | Bought a +0 cloak for 58 gold pieces
  4474 | D:5      | Found Duzaujugh's Antique Armour Emporium.
  4510 | D:5      | Noticed Edmund
  4526 | D:5      | Killed Edmund
  4526 | D:5      | Reached skill level 5 in Transmutations
  4526 | D:5      | Your scales start taking on a fiery red colour.
  4526 | D:5      | Reached XP level 7. HP: 30/52 MP: 7/11
  4526 | D:5      | Gained mutation: Your flesh is heat resistant. (rF+) [Red Draconian growth]
  4540 | D:5      | Quit the game

Vault maps used:
D:1:      ncdulo_watergridlock
D:2:      cheibrodos_old_hovel, serial_corexii_hall, corexii_hall_statues_x,
          corexii_hall_statues_l, corexii_hall_statues_deadend,
          hangedman_decor_clover_reticule
D:3:      trog_three_pillars_becter
D:4:      serial_shops, shop, first_ration
D:5:      lemuel_ratsnest, serial_shops, shop, kennysheep_mini,
          nicolae_shop_behind_doors, kennysheep_mini_moat, shop, sigmund_army,
          uniq_sigmund, uniq_edmund

Skill      XL: |  1  2  3  4  5  6 |
---------------+-------------------+-----
Unarmed Combat | 4 5 6 |  6.3
Transmutations | 3 4 5 |  5.0
Fighting       | |  1.1
Dodging        | |  1.7
Spellcasting   | |  2.8

Action                   |  1- 3 |  4- 6 |  7- 9 || total
-------------------------+-------+-------+-------++-------
Melee: Unarmed           |   139 |   163 |     9 ||   311
       Tailslap          |     7 |    16 |     1 ||    24
       Punch             |     2 |     4 |       ||     6
       Kick              |     9 |       |       ||     9
 Cast: Beastly Appendage |     4 |       |       ||     4
       Spider Form       |     1 |     7 |       ||     8
  Use: Scroll            |       |    14 |       ||    14
       Potion            |       |     1 |       ||     1
 Stab: Sleeping          |     2 |     2 |       ||     4
  Eat: Chunk             |     2 |    11 |       ||    13
Armor: Skin              |    55 |    70 |     2 ||   127
Dodge: Dodged            |   111 |   136 |     3 ||   250

Table legend:
 A = Spawn XP
 B = Non-spawn XP
 C = Spawn XP percentage of total XP
 D = Spawn monster count
 E = Non-spawn monster count
 F = Spawn count percentage of total count
 G = Total turns spent on level
                    A         B        C        D         E        F      G
               +---------+---------+-------+---------+---------+-------+---------
         Total |       0 |     832 |   0.0 |       0 |      85 |   0.0 |  4540
               +---------+---------+-------+---------+---------+-------+---------
           D:1 |       0 |      29 |   0.0 |       0 |      17 |   0.0 |   962
           D:2 |       0 |      89 |   0.0 |       0 |      28 |   0.0 |  1063
           D:3 |       0 |      47 |   0.0 |       0 |      14 |   0.0 |  1053
           D:4 |       0 |      92 |   0.0 |       0 |      16 |   0.0 |  1071
           D:5 |       0 |     575 |   0.0 |       0 |      10 |   0.0 |   391
               +---------+---------+-------+---------+---------+-------+---------
